Map: Acropolis LE

Players

TLO - Winner!

  • Race: Zerg Zerg
  • Spawn Location: 5:00

Namshar

  • Race: Zerg Zerg
  • Spawn Location: 11:00

VOD

Have the link to the VOD?

Description

Time

  • Played on: Sept. 6, 2019, 3:59 p.m.
  • Length: 13:36
Show
View Real Time Build Order
Export as new Build Order

TLO Zerg - Winner!

Build Orders: 3 Hatch before Pool 

Get SALT Encoding   

  12  0:00  Drone  
  13  0:12  Overlord  
  13  0:16  Drone  
  14  0:30  Drone  
  14  0:31  Drone  
  17  0:35  Drone  
  17  0:50  Hatchery  
  17  0:53  Drone  
  17  0:57  Drone  
  18  1:17  Hatchery  
  17  1:20  Drone  
  18  1:33  Spawning Pool  
  18  1:35  Drone  
  18  1:39  Drone  
  19  1:41  Drone  
  20  1:49  Overlord  
  20  2:00  Drone  
  21  2:04  Drone  
  22  2:10  Drone  
  22  2:14  Drone  
  24  2:19  Queen x2  
  28  2:24  Drone x2  
  28  2:28  Queen  
  32  2:30  Zergling x2  
  32  2:36  Drone  
  32  2:37  Drone  
  35  2:41  Spine Crawler  
  35  2:42  Drone  
  35  2:44  Drone  
  36  2:46  Drone  
  37  2:55  Drone, Queen  
  40  2:59  Overlord  
  40  3:01  Drone  
  40  3:03  Extractor x2  
  39  3:09  Queen  
  39  3:12  Overlord  
  41  3:13  Drone  
  41  3:19  Drone x3  
  45  3:23  Evolution Chamber  
  45  3:24  Drone  
  45  3:25  Drone  
  46  3:28  Drone x2  
  46  3:31  Drone  
  49  3:34  Drone  
  49  3:36  Drone x2  
  52  3:41  Overlord  
  52  3:42  Drone  
  52  3:48  Roach Warren  
  52  3:51  Drone  
  52  3:52  Drone  
  52  3:53  Drone  
  55  3:55  Zerg Missile Weapons Level 1  
  55  3:58  Overlord  
  55  4:01  Drone x2  
  57  4:03  Drone  
  57  4:07  Lair  
  58  4:10  Overlord  
  58  4:13  Drone  
  58  4:14  Drone  
  58  4:16  Drone x2  
  62  4:18  Drone  
  62  4:20  Drone  
  62  4:22  Extractor  
  62  4:23  Drone, Extractor  
  63  4:26  Evolution Chamber, Drone  
  63  4:27  Drone  
  64  4:31  Overlord  
  64  4:33  Roach x2  
  64  4:36  Pneumatized Carapace  
  64  4:37  Drone  
  64  4:38  Drone  
  69  4:39  Extractor  
  69  4:40  Drone  
  69  4:41  Drone  
  69  4:42  Extractor  
  69  4:43  Drone  
  69  4:44  Drone  
  72  4:45  Drone  
  72  4:46  Drone  
  72  4:47  Drone  
  72  4:50  Drone x2  
  76  4:53  Drone  
  76  4:54  Drone  
  76  4:58  Drone, Zerg Ground Armor Level 1  
  79  5:01  Overlord, Drone  
  79  5:05  Roach x2  
  84  5:10  Glial Reconstitution  
  84  5:13  Overseer  
  84  5:18  Hatchery  
  84  5:19  Overlord  
  84  5:21  Drone  
  84  5:24  Overlord  
  84  5:25  Roach  
  84  5:26  Overlord  
  86  5:30  Overlord  
  86  5:31  Roach  
  86  5:34  Roach  
  86  5:35  Overlord  
  90  5:37  Overlord  
  90  5:41  Roach x2  
  94  5:43  Roach  
  94  5:45  Roach  
  94  5:47  Spine Crawler  
  94  5:49  Roach  
  99  5:50  Roach  
  99  5:52  Ravager  
  99  5:54  Ravager, Roach  
  99  5:55  Roach  
  107  5:57  Roach  
  107  5:59  Roach x2  
  107  6:01  Roach  
  107  6:04  Roach  
  117  6:05  Roach  
  117  6:07  Overlord  
  117  6:08  Ravager, Roach  
  117  6:10  Roach  
  124  6:12  Roach  
  124  6:13  Roach  
  124  6:16  Roach  
  130  6:20  Roach  
  130  6:21  Roach  
  130  6:23  Roach  
  130  6:25  Roach x2  
  126  6:29  Roach x2  
  126  6:30  Roach  
  126  6:31  Roach  
  128  6:32  Roach  
  128  6:34  Roach  
  128  6:35  Roach  
  128  6:36  Roach  
  128  6:38  Roach  
  126  6:40  Roach  
  126  6:41  Roach  
  126  6:43  Roach  
  126  6:46  Roach  
  125  6:49  Roach  
  125  6:51  Roach  
  129  6:54  Roach  
  129  6:55  Roach  
  129  6:56  Drone  
  126  7:03  Roach  
  126  7:04  Roach  
  126  7:06  Zerg Missile Weapons Level 2, Roach  
  126  7:08  Roach  
  113  7:15  Zerg Ground Armor Level 2  
  113  7:16  Drone x2  
  113  7:20  Roach x2  
  119  7:23  Roach  
  119  7:24  Drone  
  119  7:26  Drone x2  
  119  7:27  Drone  
  119  7:28  Drone x2  
  127  7:31  Queen  
  127  7:34  Roach  
  127  7:36  Roach x2  
  135  7:39  Roach  
  137  7:47  Roach  
  137  7:48  Roach x2  
  137  7:50  Roach  
  143  7:54  Roach x2  
  143  7:55  Roach  
  143  7:56  Roach  
  143  7:59  Roach x2  
  143  8:04  Roach  
  149  8:06  Tunneling Claws  
  149  8:08  Overlord, Roach, Burrow  
  149  8:10  Overlord  
  149  8:12  Roach  
  151  8:18  Overlord x2  
  152  8:20  Drone  
  152  8:24  Overlord x2  
  152  8:25  Overlord  
  152  8:27  Roach  
  152  8:28  Roach  
  152  8:30  Roach  
  158  8:36  Ravager x3  
  161  8:44  Roach x6  
  161  8:46  Roach  
  175  8:49  Roach  
  175  8:52  Roach  
  175  8:53  Roach  
  175  8:54  Roach  
  183  8:57  Roach  
  183  9:00  Roach  
  187  9:04  Roach x3, Spore Crawler  
  187  9:07  Roach x15  
  196  9:10  Roach x2  
  196  9:11  Overlord  
  196  9:12  Overlord x2  
  196  9:18  Roach x2  
  196  9:19  Overlord  
  196  9:20  Roach x2, Extractor  
  199  9:24  Roach x15  
  199  9:32  Overlord  
  199  9:37  Overlord  
  199  9:50  Roach x6  
  199  9:51  Roach x4  
  195  9:53  Roach x2  
  185  10:03  Roach x7  
  185  10:06  Roach x4  
  199  10:07  Roach x2  
  199  10:14  Roach x2  
  195  10:16  Roach x2  
  195  10:20  Roach x5  
  186  10:22  Roach  
  186  10:23  Roach x7  
  186  10:25  Roach x30  
  186  10:26  Roach  
  186  10:27  Roach x2  
  196  10:38  Infestation Pit, Roach  
  196  10:39  Hydralisk Den  
  196  10:40  Roach  
  196  10:41  Roach  
  188  10:43  Roach  
  188  10:45  Roach  
  188  10:47  Roach  
  194  10:50  Roach x2  
  194  10:51  Spine Crawler x2  
  194  10:52  Roach x2  
  194  10:53  Spine Crawler x2  
  196  10:57  Roach  
  198  11:04  Roach x2  
  196  11:19  Roach x2  
  194  11:26  Roach  
  194  11:27  Roach x3  
  194  11:28  Roach x22  
  194  11:30  Roach  
  194  11:33  Roach x2  
  194  11:38  Roach  
  190  11:41  Roach x2  
  190  11:44  Roach x2  
  192  11:47  Roach x2  
  192  11:49  Roach x2  
  192  11:50  Roach  
  192  11:51  Roach x2  
  192  11:52  Roach  
  198  11:54  Roach  
  198  11:57  Roach x4  
  198  11:58  Roach  
  198  11:59  Roach x2  
  198  12:00  Roach  
  174  12:07  Roach  
  174  12:08  Roach  
  170  12:09  Roach x2  
  168  12:18  Roach x2  
  168  12:19  Grooved Spines, Hive  
  168  12:20  Roach  
  168  12:21  Roach  
  168  12:28  Roach  
  168  12:32  Roach x2  
  168  12:33  Roach  
  168  12:34  Hatchery  
  168  12:35  Ravager x12  
  185  12:38  Roach  
  185  12:40  Roach  
  185  12:43  Roach x2  
  193  12:50  Roach  
  195  12:51  Roach  
  195  12:52  Roach  
Show
View Real Time Build Order
Export as new Build Order

Namshar Zerg 

Build Orders: Hatch First, Roach Nydus 

Get SALT Encoding   

  12  0:00  Drone  
  13  0:12  Overlord  
  13  0:16  Drone  
  14  0:30  Drone x2  
  16  0:47  Hatchery  
  15  0:51  Drone  
  15  0:54  Drone  
  17  0:57  Drone  
  18  1:08  Extractor  
  17  1:13  Spawning Pool  
  17  1:16  Drone  
  17  1:18  Drone  
  18  1:27  Drone  
  19  1:38  Drone  
  20  1:49  Drone  
  21  1:59  Drone, Queen  
  21  2:00  Overlord, Queen  
  26  2:08  Metabolic Boost  
  26  2:10  Drone  
  26  2:11  Drone  
  28  2:20  Drone  
  28  2:21  Drone  
  30  2:31  Hatchery  
  30  2:33  Drone  
  30  2:35  Drone  
  31  2:44  Baneling Nest  
  30  2:47  Overlord  
  30  2:49  Drone  
  31  2:53  Drone  
  31  2:55  Drone  
  33  3:03  Queen  
  33  3:04  Drone  
  33  3:05  Drone  
  37  3:10  Drone x3  
  37  3:11  Zergling x2  
  41  3:13  Zergling x2  
  41  3:17  Overlord  
  43  3:20  Drone  
  43  3:23  Zergling x2  
  43  3:27  Evolution Chamber  
  43  3:35  Baneling  
  43  3:36  Overlord  
  43  3:37  Drone  
  43  3:39  Drone  
  43  3:40  Drone x4  
  49  3:43  Drone x2  
  49  3:44  Drone  
  52  3:50  Drone  
  52  3:55  Drone x2  
  55  3:57  Lair, Extractor  
  55  3:58  Extractor  
  53  4:03  Roach Warren  
  53  4:05  Drone x2  
  53  4:06  Drone  
  53  4:08  Drone  
  55  4:14  Drone x4  
  59  4:18  Drone x3  
  62  4:26  Overlord, Zerg Missile Weapons Level 1  
  62  4:27  Drone  
  62  4:28  Drone x3  
  66  4:33  Overlord  
  66  4:34  Overlord  
  66  4:38  Extractor  
  65  4:39  Extractor  
  64  4:46  Drone x3  
  64  4:47  Drone  
  67  4:53  Overlord  
  67  4:54  Glial Reconstitution  
  67  4:55  Roach  
  67  4:56  Roach x5  
  79  5:08  Overlord x2  
  79  5:10  Roach x4  
  79  5:13  Overlord  
  87  5:18  Nydus Network  
  86  5:22  Roach x4  
  94  5:32  Extractor  
  94  5:35  Roach x7  
  107  5:40  Roach x3  
  113  5:49  Roach  
  119  5:50  Roach x2  
  119  5:56  Nydus Canal  
  120  5:58  Roach  
  120  5:59  Overlord x2  
  120  6:00  Overlord x4  
  109  6:26  Nydus Canal  
  109  6:28  Roach x15  
  131  6:35  Roach x2  
  131  6:38  Nydus Canal  
  131  6:44  Roach x3  
  127  6:52  Zerg Missile Weapons Level 2  
  115  7:05  Hatchery  
  115  7:07  Roach  
  115  7:08  Roach x10  
  118  7:11  Nydus Canal  
  118  7:15  Roach x2  
  114  7:20  Roach x2  
  114  7:22  Drone x3  
  121  7:25  Extractor  
  121  7:29  Pneumatized Carapace  
  120  7:33  Roach x5  
  130  7:41  Ravager  
  133  7:44  Roach x3  
  137  7:52  Roach x5  
  135  8:09  Drone x2  
  135  8:12  Drone x3  
  140  8:13  Drone  
  141  8:21  Overseer  
  141  8:25  Roach x11  
  141  8:26  Queen  
  165  8:31  Ravager  
  165  8:33  Overlord x2, Ravager  
  167  8:34  Roach  
  169  8:42  Roach x3  
  169  8:43  Extractor  
  174  8:49  Overlord x2  
  174  8:52  Roach x6  
  186  9:00  Drone  
  186  9:01  Infestation Pit  
  186  9:04  Overlord x2, Overseer  
  186  9:08  Ravager x2, Zerg Ground Armor Level 1  
  188  9:14  Roach  
  188  9:15  Roach x5  
  200  9:38  Hive  
  200  9:41  Hydralisk Den  
  195  9:46  Drone  
  195  9:47  Drone x7  
  196  9:57  Roach x4  
  194  10:05  Hatchery  
  182  10:20  Drone  
  182  10:21  Drone x5  
  172  10:33  Hatchery  
  172  10:35  Roach x4  
  176  10:46  Overseer x2  
  176  10:48  Ravager  
  176  10:49  Ravager  
  179  10:50  Ravager x2  
  179  10:54  Evolution Chamber  
  179  10:55  Drone  
  179  10:56  Drone  
  179  10:57  Drone x3  
  182  10:59  Ravager x2  
  186  11:06  Roach x2  
  186  11:09  Overseer  
  184  11:23  Roach x4  
  185  11:30  Roach  
  185  11:31  Roach x2  
  177  11:40  Roach x3  
  183  11:49  Roach x2  
  173  12:01  Roach x3  
  158  12:05  Hatchery  
  158  12:06  Roach  
  158  12:07  Queen  
  157  12:18  Grooved Spines  
  156  12:25  Drone x6  
  157  12:48  Hydralisk x6  
  169  12:52  Queen  
  171  13:02  Ravager x2  
  171  13:03  Ravager, Roach x3  
Tags
 
Add a new tag
Caveats
  • Supply blocks, unpowered buildings, or Contaminate may cause inaccurate times.
  • Supply counts are checked every 10 seconds.